 Dungeon Sprint DCSS version 0.22.1-5-g62c59d9 (webtiles) character file.

196 Tr0llz0r the Chopper (level 5, -1/42 HPs)
             Began as a Demonspawn Gladiator on Jan 8, 2019.
             Slain by a slime creature (8 damage)
             ... in the Dungeon (Sprint I: "Red Sonja").
             The game lasted 00:02:07 (376 turns).

Tr0llz0r the Chopper (Demonspawn Gladiator)          Turns: 376, Time: 00:02:09

Health: -1/42      AC: 10    Str: 15    XL:     5   Next: 46%
Magic:  5/5        EV: 11    Int:  9    God:
Gold:   162        SH:  0    Dex: 15    Spells: 4/4 levels left

rFire    . . .     SeeInvis .   a - +0 war axe
rCold    . . .     Gourm    .   (no shield)
rNeg     . . .     Faith    .   m - +0 chain mail
rPois    .         Spirit   .   c - +0 helmet
rElec    .         Reflect  .   (no cloak)
rCorr    .         Harm     .   (no gloves)
MR       .....     NoTele   +   (no boots)
Stlth    ..........             (no amulet)
HPRegen  0.14/turn              (no ring)
MPRegen  0.09/turn              (no ring)

@: no status effects
A: repulsion field 1, demonic guardian 1
a: no special abilities


You were in the Dungeon.
You were not hungry.

You visited 1 branch You collected 162 gold pieces.

Inventory:

Hand Weapons
 a - a +0 war axe (weapon)
Missiles
 d - 3 throwing nets (quivered)
Armour
 c - a +0 helmet (worn)
 m - a +0 chain mail (worn)
Wands
 l - a wand of random effects (12)
Scrolls
 k - a scroll of blinking
Potions
 e - a potion of curing
 h - a potion of haste
 i - 2 potions of magic
 j - a potion of berserk rage
Comestibles
 f - a ration


   Skills:
 + Level 4.0 Fighting
 + Level 7.2 Axes
 + Level 3.1 Throwing
 + Level 2.7 Armour
 + Level 6.5 Dodging
 + Level 0.5 Stealth


You had 4 spell levels left.
You didn't know any spells.
Your spell library was empty.

Dungeon Overview and Level Annotations

Branches:
Dungeon (1/1)

Altars:
Makhleb
Sif Muna
Wu Jian
Xom
Jiyva
Lugonu


Innate Abilities, Weirdness & Mutations

You are surrounded by a mild repulsion field. (EV +2)
A weak demonic guardian rushes to your aid.


Message History

You hit the slime creature.
The slime creature is moderately wounded.
The slime creature jiggles.
The slime creature hits you.
You slash the slime creature!
The slime creature is heavily wounded.
The slime creature hits you!
Your iron imp hits the slime creature but does no damage.
You hit the slime creature.
The slime creature is heavily wounded.
The slime creature misses you.
Your iron imp hits the slime creature.
You slash the slime creature!
The slime creature is severely wounded.
The slime creature hits you!
* * * LOW HITPOINT WARNING * * *
Your iron imp closely misses the slime creature.
You hit the slime creature.
The slime creature is severely wounded.
The slime creature hits you!
You die...

################ ##
#<.#.[').#.)'.5#__#
#..'..#..'..#.@J^.+
#..#####'#####'#__#
#..# #..# #|# ##
#..# #### #(# #..#
_.+ #⌠⌠# ._# ####
#+#


You could see a slime creature and a friendly iron imp.

Vanquished Creatures
  An ogre (D)
  Ijyb (D)
2 creatures vanquished.

Vanquished Creatures (collateral kills)
  Sigmund (D)
1 creature vanquished.

Grand Total: 3 creatures vanquished

Notes
Turn   | Place    | Note
-------+----------+-------------------------------------------
     0 | D        | Tr0llz0r the Demonspawn Gladiator began the quest for the
                  | Orb.
     0 | D        | Reached XP level 1. HP: 16/16 MP: 1/1
     4 | D        | Noticed Ijyb
    36 | D        | Killed Ijyb
    36 | D        | Reached skill level 4 in Axes
    36 | D        | Reached skill level 1 in Armour
    36 | D        | Gained mutation: A weak demonic guardian rushes to your
                  | aid. [demonic ancestry]
    36 | D        | Reached XP level 2. HP: 7/23 MP: 2/2
   268 | D        | Noticed an ogre
   271 | D        | HP: 1/23 [ogre/giant club (13)]
   274 | D        | Killed an ogre
   274 | D        | Reached skill level 5 in Axes
   274 | D        | Reached skill level 5 in Dodging
   274 | D        | Gained mutation: You are surrounded by a mild repulsion
                  | field. (EV +2) [demonic ancestry]
   274 | D        | Reached XP level 3. HP: 26/29 MP: 3/3
   274 | D        | Reached XP level 4. HP: 32/35 MP: 4/4
   287 | D        | Noticed Sigmund
   295 | D        | Killed Sigmund
   295 | D        | Reached skill level 7 in Axes
   295 | D        | Reached XP level 5. HP: 33/42 MP: 5/5
   368 | D        | Found an ornate altar of the Wu Jian Council.
   368 | D        | Found a deep blue altar of Sif Muna.
   369 | D        | Found a burning altar of Makhleb.
   369 | D        | Found a viscous altar of Jiyva.
   369 | D        | Found a shimmering altar of Xom.
   369 | D        | Found a corrupted altar of Lugonu.
   369 | D        | Noticed a slime creature
   376 | D        | Slain by a slime creature

Skill      XL: |  1  2  3  4 |
---------------+-------------+-----
Axes           | 4 5 7 |  7.2
Throwing       | 2 3 |  3.1
Armour         | 1 2 |  2.7
Dodging        | 4 5 6 |  6.5
Fighting       | 3 4 |  4.0
Stealth        | |  0.5

Action                   |  1- 3 |  4- 6 || total
-------------------------+-------+-------++-------
Melee: War axe           |    33 |    11 ||    44
Evoke: Wand              |       |     1 ||     1
  Use: Potion            |     1 |       ||     1
Armor: Leather armour    |     8 |       ||     8
       Chain mail        |       |     1 ||     1
Dodge: Dodged            |    17 |     6 ||    23
